 Dungeon Crawl Stone Soup version 0.23.0 (webtiles) character file.

Game seed: 9262918862294645445

64 Laan the Chopper (level 4, -5/44 HPs)
             Began as a Naga Berserker on Feb 12, 2019.
             Was a Believer of Trog.
             Slain by a worm (8 damage)
             ... on level 2 of the Dungeon.
             The game lasted 00:02:30 (1970 turns).

Laan the Chopper (Naga Berserker)                   Turns: 1970, Time: 00:02:31

Health: -5/44      AC:  2    Str: 20    XL:     4   Next: 12%
Magic:  4/4        EV: 10    Int:  7    God:    Trog [**....]
Gold:   63         SH:  0    Dex: 11    Spells: 3/3 levels left

rFire    . . .     SeeInvis +   a - +0 hand axe
rCold    . . .     Gourm    .   (no shield)
rNeg     . . .     Faith    .   b - +0 animal skin
rPois    +         Spirit   .   (no helmet)
rElec    .         Reflect  .   (no cloak)
rCorr    .         Harm     .   (no gloves)
MR       .....                  (no barding)
Stlth    +.........             (no amulet)
HPRegen  0.14/turn              (no ring)
MPRegen  0.09/turn              (no ring)

@: berserk cooldown, slowed, very slow
A: large, see invisible, deformed body, poison resistance, slowness 2, slow
metabolism 1, spit poison 1, AC +1
a: Spit Poison, Berserk, Trog's Hand, Renounce Religion


You were on level 2 of the Dungeon.
You worshipped Trog.
Trog was pleased with you.
You were hungry.

You visited 1 branch of the dungeon, and saw 2 of its levels.

You collected 63 gold pieces.

Inventory:

Hand Weapons
 a - a +0 hand axe (weapon)
Missiles
 e - 87 stones (quivered)
Armour
 b - a +0 animal skin (worn)
Scrolls
 d - 2 scrolls of magic mapping {unknown}
 f - a scroll of immolation {unknown}
 g - 2 scrolls of random uselessness {unknown}
 h - a scroll of remove curse {unknown}
 i - a scroll of blinking {unknown}
Comestibles
 c - 2 rations


   Skills:
 + Level 3.6 Fighting
 * Level 4.3 Axes
 - Level 1.5 Armour
 - Level 1.5 Dodging


You had 3 spell levels left.
You didn't know any spells.
Your spell library was empty.

Dungeon Overview and Level Annotations

Branches:
Dungeon (2/15)

Altars:


Innate Abilities, Weirdness & Mutations

You cannot wear boots.
Your serpentine skin is tough. (AC +1)
You have supernaturally acute eyesight. (SInv)
Armour fits poorly on your strangely shaped body.
Your system is resistant to poisons. (rPois)
You cover ground very slowly.
You have a slow metabolism.
You can spit poison.


Message History

The worm misses you.
You hit the worm.
The worm is severely wounded.
The worm bites you.
* * * LOW HITPOINT WARNING * * *
You hit the worm.
The worm is severely wounded.
The worm bites you!
* * * LOW HITPOINT WARNING * * *
The ball python barely misses you.
You hit the worm but do no damage.
The worm is severely wounded.
You hit the ball python. The ball python barely misses you. The worm bites you.
* * * LOW HITPOINT WARNING * * *
You aren't carrying any potions.
You hit the ball python.
You kill the ball python!
Trog accepts your kill.
You barely miss the worm. The worm bites you!
You die...

##+## # ##
....... ....
.......# .#.###
.......# ......
......####......
.............!..
#...#.w...... #.
##.).(@#.##
..###....).†..#
#.#.#.(..#.##.#
#...#...!#.# #
#..#....###
#..##..#####
#.........#
#.......###
#..#.##.#


You could see a worm.

Vanquished Creatures
  An adder (D:2)
  An ooze (D:1)
  A worm (D:2)
  2 dart slugs
  A leopard gecko (D:1)
  2 ball pythons (D:2)
  6 bats
  4 giant cockroaches
  7 goblins
  5 hobgoblins
  2 frilled lizards
  7 kobolds
  2 rats
41 creatures vanquished.

Notes
Turn   | Place    | Note
-------+----------+-------------------------------------------
     0 | D:1      | Laan the Naga Berserker began the quest for the Orb.
     0 | D:1      | Reached XP level 1. HP: 21/21 MP: 1/1
    25 | D:1      | Reached XP level 2. HP: 15/28 MP: 2/2
   637 | D:1      | You fall through a shaft!
   661 | D:2      | Reached XP level 3. HP: 5/34 MP: 3/3
  1099 | D:1      | Reached ** piety under Trog
  1184 | D:1      | Reached skill level 4 in Axes
  1955 | D:2      | Reached XP level 4. HP: 44/44 MP: 4/4
  1969 | D:2      | HP: 2/44 [worm (2)]
  1970 | D:2      | Slain by a worm

Skill      XL: |  1  2  3 |
---------------+----------+-----
Axes           | 4 |  4.3
Fighting       | |  3.6
Armour         | |  1.5
Dodging        | |  1.5

Action                   |  1- 3 |  4- 6 || total
-------------------------+-------+-------++-------
Melee: Hand axe          |   123 |    13 ||   136
Invok: Berserk           |     2 |       ||     2
 Abil: Spit Poison       |     1 |       ||     1
  Use: Potion            |     1 |       ||     1
 Stab: Sleeping          |     1 |       ||     1
  Eat: Chunk             |     3 |       ||     3
Armor: Animal skin       |    22 |     1 ||    23
Dodge: Dodged            |    70 |     3 ||    73
